 Dungeon Crawl Stone Soup version 0.30-a0-359-gd0147acb1a (webtiles) character file.

Game seed: 17717638256012247420

95 oldriver the Grave Robber (level 4, -3/33 HPs)
             Began as a Mummy Necromancer on Nov 12, 2022.
             Slain by a nameless horror (8 damage)
             ... created by miscasting Call Canine Familiar
             ... on level 1 of the Dungeon.
             The game lasted 00:04:24 (2526 turns).

oldriver the Grave Robber (Mummy Necromancer)       Turns: 2526, Time: 00:04:25

Health: -3/33      AC:  3    Str: 11    XL:     4   Next: 40%
Magic:  1/10       EV: 12    Int: 16    God:
Gold:   78         SH:  0    Dex: 12    Spells: 4/11 levels left

rFire   x . .      SeeInvis .    (no weapon)
rCold   + . .      Faith    +    (no shield)
rNeg    + + +      Spirit   .    e - +0 animal skin
rPois   ∞          Reflect  .    f - +0 helmet
rElec   .          Harm     .    (no cloak)
rCorr   .          Rampage  .    (no gloves)
Will    .....                    (no boots)
Stlth   ++........               (no amulet)
HPRegen 0.25/turn                (no ring)
MPRegen 0.12/turn                (no ring)

@: no status effects
A: cold resistance 1, negative energy resistance 3, torment resistance 2, heat
vulnerability 1, in touch with death 1, no potions, faith
a: no special abilities


You were on level 1 of the Dungeon.
You visited 1 branch of the dungeon, and saw 2 of its levels.

You collected 78 gold pieces.

Inventory:

Armour
 e - a +0 animal skin (worn)
 f - a +0 helmet (worn)
Wands
 i - a wand of mindburst (14)
Scrolls
 a - a scroll of vulnerability {unknown}
 b - a scroll of enchant armour {unknown}
 c - 3 scrolls of summoning {unknown}
 d - a scroll of fear {unknown}
 g - a scroll of teleportation {unknown}
 h - a scroll of identify {unknown}
 j - a scroll of amnesia {unknown}


   Skills:
 + Level 1.7 Fighting
 - Level 1.5 Dodging
 - Level 1.5 Stealth
 * Level 4.4 Spellcasting
 + Level 0.4 Summonings
 + Level 4.5 Necromancy


You had 4 spell levels left.
You knew the following spells:

 Your Spells              Type           Power      Damage    Failure   Level
a - Necrotise             Necr           100%       1d9       2%          1
b - Vampiric Draining     Necr           26%        2d7       8%          3
c - Call Canine Familiar  Summ           5%         N/A       38%         3

Your spell library contained the following spells:

 Spells                   Type           Power      Damage    Failure   Level
 Summon Small Mammal      Summ           20%        N/A       14%         1
 Blink                    Tloc           6%         N/A       24%         2
 Momentum Strike          Conj/Tloc      6%         3d8       24%         2
 Animate Dead             Necr           26%        N/A       26%         4
 Summon Guardian Golem    Hex/Summ       4%         N/A       41%         3
 Lesser Beckoning         Tloc           6%         N/A       43%         3
 Agony                    Necr           26%        N/A       56%         5


Dungeon Overview and Level Annotations

Branches:
Dungeon (2/15)

Altars:


Innate Abilities, Weirdness & Mutations

You are immune to poison.
Your flesh is cold resistant. (rC+)
You are immune to negative energy. (rN+++)
You are immune to unholy pain and torment.
You are vulnerable to heat. (rF-)
You are in touch with the powers of death.
You do not drink.
You have a special connection with the divine. (Faith)


Message History

The nameless horror attacks as you move away!
The nameless horror hits you.
You feel your power leaking away.
Your magical contamination has completely faded away.
The nameless horror attacks as you move away!
The nameless horror hits you!
You feel your power leaking away.
Found a stone staircase leading up.
The nameless horror attacks as you move away!
The nameless horror barely misses you.
The nameless horror attacks as you move away!
The nameless horror closely misses you.
The nameless horror attacks as you move away!
The nameless horror misses you.
There is a stone staircase leading up here.
The nameless horror hits you!
You feel your power leaking away.
You climb upwards.
There is a stone staircase leading down here.
The nameless horror attacks as you move away!
The nameless horror barely misses you.
The nameless horror attacks as you move away!
The nameless horror completely misses you.
The nameless horror attacks as you move away!
The nameless horror barely misses you.
The nameless horror attacks as you move away!
The nameless horror misses you.
The nameless horror attacks as you move away!
The nameless horror hits you!
* * * LOW HITPOINT WARNING * * *
You feel your power leaking away.
The nameless horror attacks as you move away!
The nameless horror hits you.
* * * LOW HITPOINT WARNING * * *
You can't drink.
The nameless horror attacks as you move away!
The nameless horror barely misses you.
The nameless horror attacks as you move away!
The nameless horror hits you!
You die...

##≈##≈≈####...............# #.#
## ####...#.###############.#
###......#.#.............#.#
##........#.#.####..#.†.#.#.#
##.........#.#.##....#.#.#.#.#
#..........#.#.##.#.##.#.#.#.#
##..........#.#....#....#.#.#.#
#...........#.###########.#.#.#
............#...@X......#.#.#.#
#...........#.#########.#.#.#.#
##..........#.# #.#.#.#.#
##..........#.#########.#.#.#.#
.##.........#........##.#.#.#.#
####........#.######.##.#...#.#
# ###......#.######.##.#...#.#
####..........#.##.#.###.#
###.#..###.#.##.#.# #.#


You could see a nameless horror.

Vanquished Creatures
  Robin (D:2)
  A gnoll (D:1)
  4 worms (D:2)
  4 dart slugs
  6 ball pythons
  3 endoplasms (D:1)
  2 giant cockroaches
  11 goblins
  5 hobgoblins
  2 jackals (D:1)
  A quokka (D:1)
  2 bats
  3 frilled lizards
  A kobold (D:1)
  4 rats
50 creatures vanquished.

Vanquished Creatures (collateral kills)
  2 jackals (D:1)
  A ball python (D:1)
3 creatures vanquished.

Grand Total: 53 creatures vanquished

Notes
Turn   | Place    | Note
-------+----------+-------------------------------------------
     0 | D:1      | oldriver the Mummy Necromancer began the quest for the Orb.
     0 | D:1      | Reached XP level 1. HP: 13/13 MP: 4/4
   242 | D:1      | Found a faded altar of an unknown god.
   245 | D:1      | Reached XP level 2. HP: 17/20 MP: 0/6
   663 | D:1      | Reached skill level 1 in Fighting
   910 | D:1      | Gained mutation: You are in touch with the powers of death.
                  | [Mummy growth]
   910 | D:1      | Reached XP level 3. HP: 26/26 MP: 6/8
  1208 | D:1      | Learned a level 3 spell: Vampiric Draining
  1802 | D:2      | Learned a level 3 spell: Call Canine Familiar
  1869 | D:2      | Noticed a phantom
  1926 | D:2      | Noticed Robin
  2063 | D:2      | Reached XP level 4. HP: 32/32 MP: 3/10
  2231 | D:2      | Killed Robin
  2480 | D:2      | Noticed a nameless horror
  2526 | D:1      | Slain by a nameless horror

Illustrated notes

Levels and vault maps discovered:
D:1:      dpeg_cavernosity, layout_basic, dreamdust_ecumenical_altar_statues
D:2:      layout_rooms, basic_altar, minmay_heptomino_d4, uniq_robin

Skill      XL: |  1  2  3 |
---------------+----------+-----
Spellcasting   | 3 4 |  4.4
Fighting       | 1 |  1.7
Dodging        | |  1.5
Stealth        | |  1.5
Summonings     | |  0.4
Necromancy     | |  4.5

Action                   |  1- 3 |  4- 6 || total
-------------------------+-------+-------++-------
Melee: Unarmed           |     6 |     2 ||     8
 Cast: Necrotise         |    75 |    29 ||   104
Armor: Robe              |     1 |       ||     1
       Animal skin       |       |     1 ||     1
Dodge: Dodged            |    10 |    14 ||    24

Table legend: (Time is in decaauts)
 A = Elapsed time spent in this place.
 B = Non-inter-level travel time spent in this place.
 C = Inter-level travel time spent in this place.
 D = Time resting spent in this place.
 E = Time spent auto-exploring this place.
 F = Levels seen in this place.
 G = Mean time per level.
                   A        B        C        D        E       F      G
               +--------+--------+--------+--------+--------+-----+--------+
         Total |   2528 |   2418 |    110 |    196 |   1854 |   2 | 1264.0 |
       Dungeon |   2528 |   2418 |    110 |    196 |   1854 |   2 | 1264.0 |
               +--------+--------+--------+--------+--------+-----+--------+

Top non-repeatable levels by time:
     D:1: 1900 daAuts
     D:2: 628 daAuts
